 Dungeon Crawl Stone Soup version 0.32-a0-928-g1cae6b7ea0 (webtiles) character file.

Game seed: 17329205142304091194

69 oldcraftman the Cutter (level 4, 0/34 HPs)
             Began as a Merfolk Gladiator on Apr 12, 2024.
             Slain by ILmort's ghost (6 damage)
             ... on level 3 of the Dungeon.
             The game lasted 00:13:14 (2650 turns).

oldcraftman the Cutter (Merfolk Gladiator)          Turns: 2650, Time: 00:13:14

Health: 0/34       AC: 10    Str: 16    XL:     4   Next: 20%
Magic:  4/4        EV:  8    Int:  7    God:
Gold:   65         SH:  0    Dex: 15    Spells: 3/3 levels left

rFire   . . .        a - +0 rapier
rCold   . . .        (no shield)
rNeg    . . .        i - +0 chain mail
rPois   .            c - +0 helmet
rElec   .            (no cloak)
rCorr   .            (no gloves)
SInv    .            f - +0 pair of boots
Will    .....        (no amulet) Stlth
                     (no ring)
HPRegen 0.25/turn    (no ring)
MPRegen 0.09/turn

%: no passive effects
@: no status effects
A: (nimble swimmer 2), mertail, mutation resistance 1, MP-powered wands
a: no special abilities


You were on level 3 of the Dungeon.
You visited 1 branch of the dungeon, and saw 3 of its levels.

You collected 65 gold pieces.

Inventory:

Hand Weapons
 a - a +0 rapier (weapon)
Missiles
 d - 3 throwing nets (quivered)
 e - a javelin
Armour
 b - a +0 leather armour
 c - a +0 helmet (worn)
 f - a +0 pair of boots (worn)
 g - a +0 scale mail
 h - the +2 robe of Eckis {Harm rPois}
   (You found it on level 2 of the Dungeon)

   rPois:     It protects you from poison.
   Harm:      It increases damage dealt and taken.
 i - a +0 chain mail (worn)
Jewellery
 j - a +5 ring of evasion


   Skills:
 + Level 2.6 Fighting
 + Level 5.0 Short Blades
 + Level 2.1 Throwing
 + Level 0.4 Armour
 + Level 4.6 Dodging
 + Level 0.3 Stealth


You had 3 spell levels left.
You didn't know any spells.
Your spell library was empty.

Dungeon Overview and Level Annotations

Branches:
Dungeon (3/15)

Altars:

Shops:
D:1 (   D:3 [

Annotations:
D:3 ILmort's ghost, weakling DgHu


Innate Abilities, Weirdness & Mutations

((You are very nimble when in or above water. (Stealth+, EV+, Speed+++)))
Your lower body shifts to a powerful aquatic tail in water.
You are somewhat resistant to further mutation.
You expend magic power (3 MP) to strengthen your wands.


Message History

You feel sick. The rat barely misses you.
The adder bites you but does no damage.
You hit the adder.
The adder is severely wounded.
You feel sick.
You are no longer poisoned.
The adder bites you but does no damage. The rat completely misses you.
You hit the adder.
The adder is severely wounded.
The adder bites you but does no damage. The rat bites you.
* * * LOW HITPOINT WARNING * * *
You hit the adder but do no damage.
The adder is severely wounded.
A bat comes into view.
The adder closely misses you. The rat barely misses you.
ILmort's ghost lets out a mournful wail.
You puncture the adder!
You kill the adder!
The rat closely misses you.
Your Short Blades skill increases to level 5!
The rat attacks as it pursues you! The rat barely misses you.
ILmort's ghost attacks as it pursues you!
ILmort's ghost hits you but does no damage.
ILmort's ghost attacks as it pursues you!
ILmort's ghost closely misses you. The rat attacks as it pursues you!
The rat bites you but does no damage.
ILmort's ghost attacks as it pursues you!
ILmort's ghost hits you but does no damage.
The bat barely misses you. The bat closely misses you.
ILmort's ghost attacks as it pursues you!
ILmort's ghost hits you but does no damage.
The bat barely misses you. The bat closely misses you.
ILmort's ghost attacks as it pursues you!
ILmort's ghost hits you.
* * * LOW HITPOINT WARNING * * *
ILmort's ghost attacks as it pursues you!
ILmort's ghost hits you.
You die...

#.......###.#######.####.........
###########.## #.## ##........
#...# ##.## ##....#### ## ####
#...# #..###..#.## ...#..##
#...######.#.#.#.#######
#..#.########.....#.>.....##....#
.....'~~~~?~#####.#.......##....(
...#.########.....#.##...###.....
.............r.b@.#.##.........##
#.##...........W..#.##...###...##
# #.#####........#.###..# #.....
#.# ##..)####.#......# #..... ..#
#......##.#####..######## ####
#............##........#
#....#..#.##.##.#.####.#
#.#.....#.##.#.###.###.##
...............## ##.##..#


You could see ILmort's ghost, a bat and a rat.

Vanquished Creatures
  3 adders
  A dart slug (D:1)
  8 ball pythons
  6 endoplasms
  A giant cockroach (D:3)
  3 goblins
  7 hobgoblins
  2 quokkas
  2 bats
  4 kobolds
37 creatures vanquished.

Notes
Turn   | Place    | Note
-------+----------+-------------------------------------------
     0 | D:1      | oldcraftman the Merfolk Gladiator began the quest for the
                  | Orb.
     0 | D:1      | Reached XP level 1. HP: 16/16 MP: 1/1
   152 | D:1      | Reached XP level 2. HP: 14/22 MP: 2/2
   594 | D:1      | Found Gimeyz's Antique Weapon Boutique.
   712 | D:1      | Reached skill level 4 in Short Blades
   742 | D:1      | Gained mutation: Your natural rate of healing is unusually
                  | fast. [potion of mutation]
   742 | D:1      | Gained mutation: You are partially covered in iridescent
                  | scales. (AC +2) [potion of mutation]
   742 | D:1      | Gained mutation: Your flesh is cold resistant. (rC+)
                  | [potion of mutation]
  1549 | D:2      | Reached XP level 3. HP: 28/28 MP: 3/3
  1552 | D:2      | Identified the +2 robe of Eckis {Harm rPois}
  2211 | D:3      | Found Ytsocw's Armour Shoppe.
  2325 | D:3      | Lost mutation: Your natural rate of healing is unusually
                  | fast. [potion of mutation]
  2325 | D:3      | Lost mutation: Your flesh is cold resistant. (rC+) [potion
                  | of mutation]
  2325 | D:3      | Lost mutation: You are partially covered in iridescent
                  | scales. (AC +2) [potion of mutation]
  2325 | D:3      | Gained mutation: You expend magic power (3 MP) to
                  | strengthen your wands. [potion of mutation]
  2325 | D:3      | Gained mutation: You are somewhat resistant to further
                  | mutation. [potion of mutation]
  2542 | D:3      | Found a runed translucent door.
  2614 | D:3      | Noticed ILmort's ghost (weakling DgHu)
  2631 | D:3      | Reached XP level 4. HP: 18/34 MP: 4/4
  2641 | D:3      | Reached skill level 5 in Short Blades
  2650 | D:3      | Slain by ILmort's ghost

Illustrated notes

Levels and vault maps discovered:
D:1:      dpeg_arrival_radiant, layout_basic, serial_shops,
          nicolae_shop_window_shopping
D:2:      layout_basic
D:3:      layout_loops_cross, serial_shops, nicolae_square_shop,
          ebering_ghost_sewer_d, shapermc_ecumenical_altar_totnotflames

Skill      XL: |  1  2  3  4 |
---------------+-------------+-----
Short Blades   | 4 5 |  5.0
Fighting       | |  2.6
Throwing       | |  2.1
Armour         | |  0.4
Dodging        | |  4.6
Stealth        | |  0.3

Action                     |  1- 3 |  4- 6 || total
---------------------------+-------+-------++-------
  Melee: Rapier            |   144 |    10 ||   154
  Throw: Javelin           |     1 |       ||     1
    Use: Scroll            |     3 |       ||     3
         Potion            |     3 |       ||     3
 Armour: Leather armour    |    44 |       ||    44
         Scale mail        |    10 |       ||    10
         Chain mail        |    56 |    17 ||    73
  Dodge: Dodged            |   101 |    16 ||   117

Table legend: (Time is in decaauts)
 A = Elapsed time spent in this place.
 B = Non-inter-level travel time spent in this place.
 C = Inter-level travel time spent in this place.
 D = Time resting spent in this place.
 E = Time spent auto-exploring this place.
 F = Levels seen in this place.
 G = Mean time per level.
                   A        B        C        D        E       F      G
               +--------+--------+--------+--------+--------+-----+--------+
         Total |   2649 |    569 |   2080 |      0 |      0 |   3 |  883.0 |
       Dungeon |   2649 |    569 |   2080 |      0 |      0 |   3 |  883.0 |
               +--------+--------+--------+--------+--------+-----+--------+

Top non-repeatable levels by time:
     D:1: 1355 daAuts
     D:2: 776 daAuts
     D:3: 517 daAuts
